 Dungeon Crawl Stone Soup version 0.30.0-5-g1a98f26d00 (webtiles) character file.

Game seed: 3898552968898156992

3633 gelatine the Magician (level 9, -1/66 HPs)
             Began as a Demonspawn Fire Elementalist on May 12, 2023.
             Was a Priest of Vehumet.
             Killed from afar by a steam dragon (23 damage)
             ... with a ball of steam
             ... on level 8 of the Dungeon.
             The game lasted 00:28:24 (10320 turns).

gelatine the Magician (DsFE)                       Turns: 10320, Time: 00:28:25

Health: -1/66      AC:  6    Str:  9    XL:     9   Next: 87%
Magic:  4/19       EV: 18    Int: 21    God:    Vehumet [***...]
Gold:   479        SH:  5    Dex: 13    Spells: 6/22 levels left

rFire   . . .        p - +0 falchion (freeze)
rCold   . . .        (no shield)
rNeg    . . .        a - +0 robe
rPois   .            v - +0 helmet
rElec   .            h - scarf {repulsion}
rCorr   .            i - +0 pair of gloves
SInv    .            (no boots)
Will    .....        r - amulet of reflection
Stlth   ++           f - +5 ring of evasion
HPRegen 0.31/turn    (no ring)
MPRegen 0.16/turn

%: repel missiles, reflection
@: no status effects
A: slimy green scales 1, demonic guardian 1, demonic magic 1
a: Renounce Religion


You were on level 8 of the Dungeon.
You worshipped Vehumet.
Vehumet was most pleased with you.
You visited 2 branches of the dungeon, and saw 9 of its levels.
You also visited: Ossuary.

You collected 479 gold pieces.

Inventory:

Hand Weapons
 d - a +0 dagger
 p - a +0 falchion of freezing (weapon)
Armour
 a - a +0 robe (worn)
 h - a scarf of repulsion (worn)
 i - a +0 pair of gloves (worn)
 n - a +0 cloak
 v - a +0 helmet (worn)
 E - an orb of guile
Jewellery
 f - a +5 ring of evasion (left hand)
 r - an amulet of reflection (around neck)
Wands
 j - a wand of digging (11)
 l - a wand of acid (8)
Scrolls
 b - a scroll of torment
 o - a scroll of immolation
 q - a scroll of teleportation
 t - a scroll of fear
 x - a scroll of noise {unknown}
 y - a scroll of enchant weapon {unknown}
 B - a scroll of amnesia
 C - 2 scrolls of butterflies {unknown}
 D - a scroll of poison {unknown}
 F - a scroll of fog {unknown}
Potions
 c - 3 potions of might
 e - 2 potions of invisibility
 g - 3 potions of attraction
 k - 4 potions of mutation
 m - a potion of ambrosia
 s - 2 potions of haste
 u - 3 potions of brilliance
 w - 2 potions of lignification
 z - a potion of curing
 A - 2 potions of berserk rage {unknown}


   Skills:
 * Level 4.4 Fighting
 + Level 2.0 Long Blades
 * Level 4.1 Dodging
 * Level 3.0 Stealth
 * Level 1.0 Shields
 + Level 7.1 Spellcasting
 * Level 4.5 Conjurations
 * Level 1.0 Hexes
 * Level 3.5 Translocations
 * Level 6.9 Fire Magic
 * Level 0.3 Air Magic
 * Level 0.3 Poison Magic
 * Level 1.0 Evocations


You had 6 spell levels left.
You knew the following spells:

 Your Spells              Type           Power      Damage    Failure   Level
a - Foxfire               Conj/Fire      100%       2x1d9     1%          1
b - Scorch                Fire           72%        2d8       1%          2
c - Volatile Blastmotes   Fire/Tloc      58%        2d14      1%          3
d - Inner Flame           Hex/Fire       24%        N/A       1%          3
e - Flame Wave            Conj/Fire      31%        2d9       2%          4
f - Mephitic Cloud        Conj/Pois/Air  14%        N/A       3%          3

Your spell library contained the following spells:

 Spells                   Type           Power      Damage    Failure   Level
 Slow                     Hex            44%        N/A       6%          1
 Beastly Appendage        Tmut           14%        N/A       9%          1
 Necrotise                Necr           28%        1d5       9%          1
 Wereblood                Tmut           7%         N/A       13%         2
 Confusing Touch          Hex            11%        N/A       17%         3
 Spider Form              Tmut/Pois      8%         N/A       24%         3
 Vampiric Draining        Necr           7%         2d6       26%         3


Dungeon Overview and Level Annotations

Branches:
Dungeon (8/15)             Temple (1/1) D:5         Ossuary (visited)
   Lair: D:8-11

Altars:
Ashenzari
Cheibriados
Fedhas
Gozag
Kikubaaqudgha
Makhleb
Okawaru
Qazlal
Sif Muna
Trog
Uskayaw
Vehumet
Wu Jian
Xom


Innate Abilities, Weirdness & Mutations

You are partially covered in slimy green scales. (AC +2)
A weak demonic guardian rushes to your aid.
Spells you cast may paralyse adjacent enemies.


Message History

Casting: Scorch (safe; 1% risk of failure)
Confirm with . or Enter, or press ? or * to list all spells.
Flames lash the orc.
You kill the orc!
Vehumet accepts your kill.
You feel your power returning. Malevolent energies surge around you.
You see here 5 stones.
You closely miss something. Something hits you but does no damage.
An orc warrior comes into view.
It is wielding a +2 long sword of holy wrath.
You barely miss something.
The orc warrior shouts!
Something hits you but does no damage.
You closely miss something.
You hear some strange, mumbled words.
You are confused.
You barely miss something.
An orc comes into view. It is wielding a +0 short sword.
Something hits you but does no damage.
You miss something. You closely miss the orc warrior.
The orc warrior barely misses you.
You feel less confused.
You closely miss the orc warrior. The orc warrior closely misses you.
An orc comes into view. It is wielding a +0 falchion.
You closely miss the orc warrior.
The orc warrior hits you with a +2 long sword of holy wrath!
You convulse!
You hit the orc warrior. You freeze the orc warrior.
The orc warrior is lightly wounded.
The orc warrior hits you with a +2 long sword of holy wrath!
You convulse.
You hit the orc warrior but do no damage.
The orc warrior is lightly wounded.
The orc warrior hits you with a +2 long sword of holy wrath!
You convulse!
The orc warrior attacks as you move away!
The orc warrior hits you but does no damage.
A steam dragon comes into view.
The steam dragon breathes steam at you. The ball of steam hits you!!
You die...

...)....#.####
##.######
...)...###...#
#.......#
...####.#.##†#
#.......# ...
#.# #o#
#.......# .. #.?
#.# #.......# .
...
#.######<......#
###.
#...oo(........#
#
########.......#
#@o.....####
#§##.##.#
#§##.##.#
#D##.....
#.#####..# #..
..# ... #.#


You could see an orc warrior.

Vanquished Creatures
  Pikel (D:3)
  A steam dragon (D:4)
  A sky beast (D:7)
  6 ice beasts
  4 black bears
  A centaur (D:6)
  2 ogres
  4 lemures
  2 phantoms (D:5)
  A kobold brigand (D:8)
  3 bullfrogs
  3 elf zombies (Ossuary)
  2 scorpions
  3 killer bees (D:8)
  A howler monkey (D:7)
  6 hounds
  2 jellies
  2 orc priests
  A centaur zombie (Ossuary)
  A gnoll bouda (D:7)
  3 iguanas
  2 orc wizards
  A sleepcap (D:5)
  3 mummies
  8 gnolls
  8 adders
  A white imp (D:6)
  An ufetubus (D:5)
  3 worms
  A dart slug (D:1)
  11 orcs
  8 ball pythons
  8 bats
  9 endoplasms
  2 giant cockroaches
  3 goblins
  6 hobgoblins
  A jackal (D:1)
  14 kobolds
  3 quokkas
  3 frilled lizards
  A goblin zombie (Ossuary)
  8 hobgoblin zombies (Ossuary)
  5 jackal zombies (Ossuary)
  10 kobold zombies (Ossuary)
  8 orc zombies (Ossuary)
  5 rats
183 creatures vanquished.

Vanquished Creatures (collateral kills)
  An ogre (D:3)
  An endoplasm (D:1)
  2 jackals (D:1)
  3 foxfires (D:7)
7 creatures vanquished.

Vanquished Creatures (others)
  692 foxfires
692 creatures vanquished.

Grand Total: 882 creatures vanquished

Notes
Turn   | Place    | Note
-------+----------+-------------------------------------------
     0 | D:1      | gelatine the Demonspawn Fire Elementalist began the quest
                  | for the Orb.
     0 | D:1      | Reached XP level 1. HP: 13/13 MP: 3/3
   301 | D:1      | Gained mutation: A weak demonic guardian rushes to your
                  | aid. [demonic ancestry]
   301 | D:1      | Reached XP level 2. HP: 19/19 MP: 3/5
   650 | D:1      | Learned a level 2 spell: Scorch
  1019 | D:1      | Reached XP level 3. HP: 24/24 MP: 3/6
  2654 | D:3      | Reached XP level 4. HP: 27/31 MP: 1/7
  2937 | D:3      | Found a shimmering blue altar of Sif Muna.
  2941 | D:3      | Found an ancient bone altar of Kikubaaqudgha.
  2941 | D:3      | Found a radiant altar of Vehumet.
  2944 | D:3      | Got Kikubaaqudgha's Quarto of Rot
  2954 | D:3      | Became a worshipper of Vehumet
  3122 | D:3      | You fall into a shaft and drop 1 floor!
  3325 | D:3      | Learned a level 3 spell: Volatile Blastmotes
  3567 | D:4      | Noticed a lemure
  3591 | D:4      | Noticed a lemure
  3593 | D:4      | Noticed a lemure
  3607 | D:3      | Killed a lemure
  3751 | D:4      | Noticed Pikel
  3751 | D:4      | Noticed a lemure
  3753 | D:4      | Noticed a scorpion
  3759 | D:3      | Killed a scorpion
  3760 | D:3      | Reached skill level 3 in Spellcasting
  3760 | D:3      | Reached XP level 5. HP: 30/36 MP: 1/9
  3930 | D:4      | Noticed a black bear
  3938 | D:3      | Reached skill level 1 in Fighting
  3981 | D:3      | Killed a lemure
  4108 | D:4      | Killed a lemure
  4124 | D:3      | Killed a lemure
  4208 | D:4      | Noticed an ogre
  4222 | D:3      | Killed an ogre
  4223 | D:3      | Gained mutation: You are partially covered in slimy green
                  | scales. (AC +2) [demonic ancestry]
  4223 | D:3      | Reached XP level 6. HP: 25/44 MP: 9/11
  4301 | D:3      | HP: 1/44 [Pikel/+2 whip of freezing (3)]
  4483 | D:3      | Killed Pikel
  4484 | D:3      | Reached skill level 4 in Spellcasting
  4484 | D:3      | Reached skill level 1 in Translocations
  4484 | D:3      | Reached skill level 5 in Fire Magic
  4484 | D:3      | Reached XP level 7. HP: 9/50 MP: 6/13
  5094 | D:4      | Noticed a steam dragon
  5113 | D:4      | HP: 2/51 [steam dragon] (8)]
  5120 | D:4      | Killed a steam dragon
  5121 | D:4      | Reached skill level 1 in Long Blades
  5121 | D:4      | Gained mutation: Spells you cast may paralyse adjacent
                  | enemies. [demonic ancestry]
  5121 | D:4      | Reached XP level 8. HP: 6/58 MP: 10/15
  5506 | D:5      | Entered Level 5 of the Dungeon
  5639 | D:5      | Reached skill level 5 in Spellcasting
  5817 | D:5      | Found a staircase to the Ecumenical Temple.
  5835 | D:5      | Reached * piety under Vehumet
  5835 | D:5      | Offered knowledge of Shock by Vehumet.
  7163 | Temple   | Entered the Ecumenical Temple
  7322 | D:6      | Reached skill level 6 in Spellcasting
  7322 | D:6      | Reached XP level 9. HP: 65/65 MP: 9/18
  7776 | D:6      | Found an opulent altar of Gozag.
  7796 | D:6      | Found a burning altar of Makhleb.
  8863 | D:7      | Found an ornate altar of the Wu Jian Council.
  9055 | D:7      | Found a snail-covered altar of Cheibriados.
  9120 | D:7      | Reached ** piety under Vehumet
  9289 | D:7      | Found a sand-covered staircase.
  9293 | Ossuary  | Entered an ossuary
  9330 | Ossuary  | Offered knowledge of Poisonous Vapours by Vehumet.
  9584 | Ossuary  | Reached skill level 7 in Spellcasting
  9667 | Ossuary  | Learned a level 3 spell: Inner Flame
  9672 | Ossuary  | Learned a level 4 spell: Flame Wave
  9706 | Ossuary  | Offered knowledge of Mephitic Cloud by Vehumet.
  9781 | Ossuary  | Reached *** piety under Vehumet
 10091 | D:7      | Learned a level 3 spell: Mephitic Cloud
 10270 | D:8      | Reached skill level 1 in Shields
 10287 | D:8      | Reached skill level 1 in Hexes
 10294 | D:8      | Reached skill level 1 in Evocations
 10320 | D:8      | Killed from afar by a steam dragon

Illustrated notes

Levels and vault maps discovered:
D:1:      spicycebolla_arrival_ecumenical, layout_loops_ring
D:2:      layout_basic, serial_curves, eino_curves_01, eino_curves_01,
          eino_curves_02
D:3:      layout_basic, grunt_temple_overflow_magic_moments
D:4:      layout_rooms, roderic_roman_lattice, minivault_24, uniq_pikel
D:5:      layout_loops_corners, minmay_temple_entry_statues,
          kennysheep_generic_room_5
D:6:      layout_loops_corners, grunt_gozag_statues, bloody_makhleb,
          item_on_display_a
D:7:      layout_rooms, lemuel_crystal_altar, slow_altar_2, enter_ossuary_5,
          serial_park_tiny_1
D:8:      layout_loops_ring, nicolae_yredelemnul_ghost_church,
          worldfamousw_hep_ancestral_shrine
Temple:   eino_wide_crystal_templ

Skill      XL: |  1  2  3  4  5  6  7  8  9 |
---------------+----------------------------+-----
Fire Magic     | 3 4 5 6 |  6.9
Dodging        | 2 3 4 |  4.1
Spellcasting   | 3 4 6 7 |  7.1
Fighting       | 1 2 3 4 |  4.4
Conjurations   | 2 3 4 |  4.5
Translocations | 1 2 3 |  3.5
Long Blades    | 1 2 |  2.0
Stealth        | 2 3 |  3.0
Shields        | 1 |  1.0
Hexes          | 1 |  1.0
Evocations     | 1 |  1.0
Air Magic      | |  0.3
Poison Magic   | |  0.3

Action                     |  1- 3 |  4- 6 |  7- 9 || total
---------------------------+-------+-------+-------++-------
  Melee: Dagger            |    19 |       |       ||    19
         Falchion          |       |    58 |   108 ||   166
         Punch             |       |     1 |       ||     1
   Cast: Foxfire           |   108 |    50 |   265 ||   423
         Scorch            |     2 |    22 |    46 ||    70
         Volatile Blastmot |       |       |    18 ||    18
         Flame Wave        |       |       |     4 ||     4
         Mephitic Cloud    |       |       |     2 ||     2
    Use: Potion            |       |     2 |     4 ||     6
         Scroll            |       |     1 |    16 ||    17
   Stab: Paralysed         |       |       |    23 ||    23
         Sleeping          |       |       |     1 ||     1
 Armour: Robe              |     2 |     7 |    26 ||    35
         Skin              |       |       |     1 ||     1
  Dodge: Dodged            |    30 |    65 |   114 ||   209
  Block: Other             |       |    11 |    24 ||    35
